 Dungeon Crawl Stone Soup version 0.23.0-3-gf3c87f2 (webtiles) character file.

Game seed: 3105764091200758106

1449 wolfsongas the Covert (level 8, 0/47 HPs)
             Began as an Octopode Wanderer on Feb 24, 2019.
             Was a Believer of Ashenzari.
             Slain by an orc wizard
             ... wielding a +0 dagger
              (1 damage)
             ... on level 6 of the Dungeon.
             The game lasted 00:13:04 (9540 turns).

wolfsongas the Covert (Octopode Wanderer)           Turns: 9540, Time: 00:13:04

Health: 0/47       AC:  1    Str:  9 (10) XL:     8   Next: 75%
Magic:  21/21      EV: 23    Int: 14      God:    Ashenzari [**....]
Gold:   236        SH:  0    Dex: 20      Spells: 13/13 levels left

rFire    + . .     SeeInvis .   a - +2 quarterstaff (curse)
rCold    . . .     Gourm    .   (shield currently unavailable)
rNeg     . . .     Faith    .   (helmet restricted)
rPois    .         Spirit   .   (no amulet)
rElec    .         Reflect  .   p - ring of protection from fire (curse)
rCorr    .         Harm     .   s - ring of magical power
MR       .....                  (no ring)
Stlth    ++++++....             (no ring)
HPRegen  0.15/turn              (no ring)
MPRegen  0.17/turn              (no ring)
                                (no ring)
                                (no ring)

@: agile
A: almost no armour, stealthy swim, amphibious, 8 rings, constrict 8, camouflage
1, gelatinous body 1
a: Curse Item, Scrying, Renounce Religion


You were on level 6 of the Dungeon.
You worshipped Ashenzari.
Ashenzari was pleased with you.
You were not hungry.

You visited 2 branches of the dungeon, and saw 7 of its levels.

You collected 236 gold pieces.

Inventory:

Hand Weapons
 a - a cursed +2 quarterstaff (weapon)
 b - a +0 falchion
 d - a +0 dagger
Jewellery
 p - a cursed ring of protection from fire (left tentacle)
 s - a ring of magical power (right tentacle)
Wands
 r - a wand of flame (17)
 t - a wand of enslavement (8)
Scrolls
 j - 3 scrolls of remove curse
 n - 2 scrolls of magic mapping
 q - a scroll of amnesia
Potions
 e - 2 potions of magic
 k - a potion of might
Comestibles
 f - 4 rations


   Skills:
 - Level 0.9 Fighting
 + Level 6.3(9.4) Staves
 * Level 6.3 Dodging
 + Level 8.2 Stealth
   Level 1.0 Shields
 - Level 3.0 Spellcasting
   Level 2.0 Conjurations


You had 13 spell levels left.
You didn't know any spells.
Your spell library contained the following spells:

 Spells                   Type           Power        Failure   Level  Hunger
 Searing Ray              Conj           #.....       14%         2    ##.....
 Throw Frost              Conj/Ice       #.....       22%         2    ##.....


Dungeon Overview and Level Annotations

Branches:
Dungeon (6/15)             Temple (1/1) D:6

Altars:
Ashenzari
Fedhas
Gozag
Makhleb
Okawaru
Trog

Shops:
D:4 %   D:6 *


Innate Abilities, Weirdness & Mutations

You cannot wear most types of armour.
You are very stealthy in the water. (Stealth+)
You are amphibious.
You can wear up to eight rings at the same time.
You can use your tentacles to constrict eight enemies at once.
Your skin changes colour to match your surroundings (Stealth+).
Your rubbery body absorbs attacks. (AC +1, EV +1)


Message History

The orc warrior misses you.
You hit the orc warrior.
The orc warrior is severely wounded.
You constrict the orc warrior, but do no damage.
The orc hits you but does no damage. The orc wizard closely misses you.
The orc warrior barely misses you.
You hit the orc warrior but do no damage.
The orc warrior is severely wounded.
You constrict the orc warrior. The orc completely misses you.
The orc wizard barely misses you.
You hit the orc warrior but do no damage.
The orc warrior is severely wounded.
You constrict the orc warrior, but do no damage.
The orc warrior misses you.
You sock the orc warrior!
You kill the orc warrior!
You feel your dexterity returning. The orc completely misses you.
The orc wizard hits you with a +0 dagger.
You die...

#.#########.## #####.# #.##.
)............# #.# #.##.
....#######..# #.# #.##. ....#
#..# #.# #.... #.#.# #..#
#####.##### ####. #.#.#######..#
#.........#######. #..#.........#
#.................
###.#.####.#รท###).>..............
. .#* #.)...o@........######## *
.......#...o.........#
#.####...............# ,
#######.........# *,* #.........#
#.........# ########### *


You could see an orc wizard and an orc.

Vanquished Creatures
  Prince Ribbit (D:6)
  2 orc warriors (D:6)
  3 ogres
  2 bullfrogs (D:6)
  A crimson imp (D:6)
  An orc priest (D:6)
  A bullfrog skeleton (D:4)
  2 hounds
  3 orc wizards
  3 worker ants
  Ijyb (D:5)
  3 iguanas
  Robin (D:3)
  A worker ant zombie (D:5)
  3 gnolls (D:4)
  5 adders
  A shadow imp (D:5)
  2 oozes
  2 adder skeletons
  A worm (D:2)
  7 dart slugs
  5 leopard geckos
  17 orcs
  3 ball pythons
  A giant cockroach (D:1)
  19 goblins
  18 hobgoblins
  13 jackals
  14 kobolds
  7 bats
  3 frilled lizards
  A leopard gecko zombie (D:6)
  7 rats
154 creatures vanquished.

Vanquished Creatures (collateral kills)
  A quokka (D:6)
1 creature vanquished.

Grand Total: 155 creatures vanquished

Notes
Turn   | Place    | Note
-------+----------+-------------------------------------------
     0 | D:1      | wolfsongas the Octopode Wanderer began the quest for the
                  | Orb.
     0 | D:1      | wolfsongas set off with the following items: a +2
                  | quarterstaff, a +0 falchion, a +0 dagger, a ration; and the
                  | following spells available to memorise: Searing Ray, Throw
                  | Frost
     0 | D:1      | Reached XP level 1. HP: 11/11 MP: 4/4
   380 | D:1      | Reached skill level 3 in Stealth
   380 | D:1      | Reached XP level 2. HP: 3/17 MP: 6/6
   653 | D:1      | Reached skill level 1 in Dodging
   849 | D:1      | Reached XP level 3. HP: 10/22 MP: 7/7
  1931 | D:2      | Reached XP level 4. HP: 23/27 MP: 8/8
  1991 | D:2      | Found an opulent altar of Gozag.
  1998 | D:2      | Found a blossoming altar of Fedhas.
  2002 | D:2      | Found a shattered altar of Ashenzari.
  2371 | D:2      | You fall through a shaft for 2 floors!
  2888 | D:2      | Reached skill level 4 in Stealth
  3335 | D:3      | Found a faded altar of an unknown god.
  3340 | D:3      | Reached XP level 5. HP: 32/32 MP: 9/9
  3381 | D:3      | Became a worshipper of Ashenzari the Shackled
  3381 | D:3      | Reached * piety under Ashenzari
  3526 | D:3      | Found an iron altar of Okawaru.
  3527 | D:3      | Found a bloodstained altar of Trog.
  3588 | D:3      | Noticed Robin
  3611 | D:3      | Killed Robin
  3791 | D:3      | Found a shattered altar of Ashenzari.
  4416 | D:3      | Found a burning altar of Makhleb.
  4451 | D:4      | Noticed an ogre
  4455 | D:4      | Killed an ogre
  4455 | D:4      | Reached skill level 5 in Stealth
  4455 | D:4      | Reached XP level 6. HP: 37/37 MP: 10/10
  5629 | D:4      | Found Tiqa's Food Boutique.
  5712 | D:4      | Reached skill level 5 in Staves
  5712 | D:4      | Reached skill level 6 in Stealth
  5712 | D:4      | Reached XP level 7. HP: 15/42 MP: 11/11
  6838 | D:5      | Entered Level 5 of the Dungeon
  7316 | D:5      | Reached ** piety under Ashenzari
  8130 | D:5      | Noticed Ijyb
  8137 | D:5      | Killed Ijyb
  8537 | D:6      | Reached skill level 7 in Stealth
  8537 | D:6      | Reached XP level 8. HP: 30/47 MP: 12/12
  8656 | D:6      | Found a staircase to the Ecumenical Temple.
  8665 | D:6      | Reached skill level 5 in Dodging
  9187 | D:6      | Found Xauchasa's General Store.
  9224 | D:6      | Noticed Prince Ribbit
  9240 | D:6      | Killed Prince Ribbit
  9240 | D:6      | Reached skill level 8 in Stealth
  9268 | Temple   | Entered the Ecumenical Temple
  9536 | D:6      | HP: 1/47 [orc wizard/+0 dagger (3)]
  9540 | D:6      | Slain by an orc wizard

Skill      XL: |  1  2  3  4  5  6  7  8 |
---------------+-------------------------+-----
Stealth        | 3 4 5 6 7 8 |  8.2
Dodging        | 1 2 3 4 6 |  6.3
Staves         | 3 4 5 6 |  6.3
Fighting       | |  0.9
Shields        | |  1.0
Spellcasting   | |  3.0
Conjurations   | |  2.0

Action                   |  1- 3 |  4- 6 |  7- 9 || total
-------------------------+-------+-------+-------++-------
Melee: Quarterstaff      |    81 |   166 |   104 ||   351
       Constrict         |    23 |    34 |    24 ||    81
       Tentacles         |    10 |    22 |    21 ||    53
Invok: Curse Item        |       |       |     2 ||     2
  Use: Potion            |     2 |     3 |     8 ||    13
       Scroll            |       |     8 |     6 ||    14
 Stab: Sleeping          |     6 |    26 |    13 ||    45
       Distracted        |     1 |       |       ||     1
  Eat: Ration            |     1 |     3 |     4 ||     8
       Chunk             |     1 |     1 |       ||     2
Armor: Skin              |     4 |    32 |     1 ||    37
Dodge: Dodged            |    65 |    83 |    62 ||   210
